 Dungeon Crawl Stone Soup version 0.22-a0-803-gd6d8abe (webtiles) character file.

246 riteheju the Poker (level 5, 0/42 HPs)
             Began as a Demonspawn Fighter on July 22, 2018.
             Slain by an orc
             ... wielding a +0 hand axe
              (2 damage)
             ... on level 4 of the Dungeon.
             The game lasted 00:11:04 (3403 turns).

riteheju the Poker (Demonspawn Fighter)             Turns: 3403, Time: 00:11:06

Health: 0/42       AC:  6    Str: 17 (18) XL:     5   Next: 84%
Magic:  0/5        EV: 12    Int:  8 (9)  God:
Gold:   187        SH:  9    Dex: 16 (19) Spells: 4/4 levels left

rFire    . . .     SeeInvis .   a - +0 trident
rCold    . . .     Gourm    .   c - +0 shield
rNeg     . . .     Faith    .   b - +0 scale mail
rPois    .         Spirit   +   (no helmet)
rElec    .         Reflect  .   (no cloak)
rCorr    .         Harm     .   (no gloves)
MR       .....                  (no boots)
Stlth    ++........             (no amulet)
HPRegen  0.14/turn              (no ring)
MPRegen  0.18/turn              (no ring)

@: agile
A: thin skeletal structure 1, magic shield, magic regeneration, magic link
a: no special abilities


You were on level 4 of the Dungeon.
You were not hungry.

You visited 2 branches of the dungeon, and saw 5 of its levels.

You collected 187 gold pieces.

Inventory:

Hand Weapons
 a - a +0 trident (weapon)
Armour
 b - a +0 scale mail (worn)
 c - a +0 shield (worn)
Jewellery
 p - an uncursed ring of ice {unknown}
Scrolls
 g - 2 scrolls of immolation {unknown}
 i - a scroll of teleportation
 j - 2 scrolls of fog {unknown}
 k - 3 scrolls of amnesia
 l - 2 scrolls of identify
 m - a scroll of enchant armour {unknown}
 n - a scroll of magic mapping {unknown}
 t - a scroll of remove curse {unknown}
 u - 4 scrolls of enchant weapon {unknown}
Potions
 d - a potion of might
 e - a potion of brilliance {unknown}
 h - a potion of agility
 o - a potion of invisibility {unknown}
 q - a potion of ambrosia
 r - a potion of flight {unknown}
 s - a potion of degeneration
Comestibles
 f - 9 rations


   Skills:
 + Level 3.8 Fighting
 * Level 3.9 Polearms
 + Level 3.2 Armour
 + Level 1.0 Dodging
 + Level 0.5 Stealth
 + Level 3.5 Shields


You had 4 spell levels left.
You didn't know any spells.
Your spell library was empty.

Dungeon Overview and Level Annotations

Branches:
Dungeon (4/15)             Temple (1/1) D:4

Altars:
Dithmenos
Elyvilon
Fedhas
Gozag
Hepliaklqana
Kikubaaqudgha
Qazlal
Ru
Sif Muna
Trog
Uskayaw
Vehumet
Xom
Zin
The Shining One


Innate Abilities, Weirdness & Mutations

You have a somewhat thin skeletal structure. (Dex +2, Stealth)
When hurt, damage is shared between your health and your magic reserves.
You regenerate magic rapidly.
When low on magic, you restore magic in place of health.


Message History

You hit the orc priest.
The orc priest is heavily wounded.
The orc priest closely misses you. You block the orc's attack. x3
You hit the orc priest.
The orc priest is almost dead.
The orc priest miscasts a cantrip.
You block the orc's attack. The orc hits you. The orc hits you with a hand axe.
You closely miss the orc priest.
The orc priest is almost dead.
You block the orc priest's attack. The orc barely misses you.
You block the orc's attack. The orc hits you with a hand axe.
* * * LOW HITPOINT WARNING * * *
You hit the orc priest but do no damage.
The orc priest is almost dead.
The orc priest invokes the aid of Beogh against you.
Pain shoots through your body!
* * * LOW HITPOINT WARNING * * *
You block the orc's attack. The orc hits you but does no damage.
The orc hits you with a hand axe.
You die...

##...# ##.....#+#
#.....[..#
..<......####
.........(..
..........##
#.....oo^..#
......o@..#
##....o#.##
#.###.#.# ..#.#
##### ####.#
≈≈§§# #.########
≈≈≈§########
#.#......########
≈≈§≈#......#
#.#.####........#
#≈≈≈######.###
#.#.# #..#####.#


You could see an orc priest and 3 orcs.

Vanquished Creatures
  A wyvern skeleton (D:3)
  An orc priest (D:3)
  2 orc wizards
  An adder (D:2)
  6 dart slugs
  5 leopard geckos
  7 orcs
  6 bats
  7 giant cockroaches
  7 goblins
  9 hobgoblins
  8 jackals
  3 kobolds
  A ball python (D:3)
  8 frilled lizards
  2 rats
74 creatures vanquished.

Notes
Turn   | Place    | Note
-------+----------+-------------------------------------------
     0 | D:1      | riteheju the Demonspawn Fighter began the quest for the Orb.
     0 | D:1      | Reached XP level 1. HP: 18/18 MP: 1/1
    85 | D:1      | Gained mutation: You have a somewhat thin skeletal structure. (Dex +2, Stealth) [demonic ancestry]
    85 | D:1      | Reached XP level 2. HP: 24/24 MP: 2/2
   433 | D:1      | Gained mutation: When hurt, damage is shared between your health and your magic reserves. [demonic ancestry]
   433 | D:1      | Reached XP level 3. HP: 29/29 MP: 3/3
   921 | D:2      | Found a hide-covered altar of Uskayaw.
  1127 | D:2      | Found a deep blue altar of Sif Muna.
  1128 | D:2      | Found a hazy altar of Hepliaklqana.
  1385 | D:2      | Gained mutation: You regenerate magic rapidly. [demonic ancestry]
  1385 | D:2      | Reached XP level 4. HP: 36/36 MP: 4/4
  1446 | D:2      | Found a sacrificial altar of Ru.
  1957 | D:3      | Gained mutation: When low on magic, you restore magic in place of health. [demonic ancestry]
  1957 | D:3      | Reached XP level 5. HP: 39/42 MP: 5/5
  2188 | D:3      | Reached skill level 1 in Dodging
  2829 | D:4      | Found a stormy altar of Qazlal.
  3294 | D:4      | Found a staircase to the Ecumenical Temple.
  3305 | Temple   | Entered the Ecumenical Temple
  3403 | D:4      | HP: 2/42 [orc priest/nerve-wracking pain (8)]
  3403 | D:4      | Slain by an orc

Vault maps used:
D:1:      dpeg_arrival_simpleton_c, minmay_misc_feat_plants
D:2:      nicolae_overflow_crystal_walls, gammafunk_temple_overflow_pools,
          nicolae_ru_path_of_blood
D:4:      grunt_qazlal_sundering, minmay_temple_entry_poolview, first_ration,
          minmay_strange_pillars
Temple:   eino_wide_crystal_templ

Skill      XL: |  1  2  3  4  5 |
---------------+----------------+-----
Shields        | 3 |  3.5
Polearms       | 2 3 |  3.9
Armour         | 3 |  3.2
Dodging        | 1 |  1.0
Fighting       | |  3.8
Stealth        | |  0.5

Action                   |  1- 3 |  4- 6 || total
-------------------------+-------+-------++-------
Melee: Trident           |   134 |   129 ||   263
  Use: Scroll            |       |     4 ||     4
       Potion            |       |     3 ||     3
 Stab: Distracted        |     1 |     1 ||     2
  Eat: Chunk             |     2 |     4 ||     6
       Ration            |       |     1 ||     1
Armor: Scale mail        |    43 |    47 ||    90
Dodge: Dodged            |    26 |    43 ||    69
Block: Shield            |    59 |    62 ||   121

Table legend:
 A = Spawn XP
 B = Non-spawn XP
 C = Spawn XP percentage of total XP
 D = Spawn monster count
 E = Non-spawn monster count
 F = Spawn count percentage of total count
 G = Total turns spent on level
                    A         B        C        D         E        F      G
               +---------+---------+-------+---------+---------+-------+---------
         Total |       0 |     352 |   0.0 |       0 |      74 |   0.0 |  3403
               +---------+---------+-------+---------+---------+-------+---------
           D:1 |       0 |      64 |   0.0 |       0 |      29 |   0.0 |   824
           D:2 |       0 |      35 |   0.0 |       0 |      12 |   0.0 |   752
           D:3 |       0 |     201 |   0.0 |       0 |      27 |   0.0 |  1364
           D:4 |       0 |      52 |   0.0 |       0 |       6 |   0.0 |   413
               +---------+---------+-------+---------+---------+-------+---------
